TOP OF THE 1ST |
Hudsonville Flanderses batting - Pitching for Santa Fe Revolvers : LHP Narihira Yokota
|
Pitching: LHP Narihira Yokota
|
|
Batting: SHB Kensaku Usui
|
0-0: Fly out, F9 (Flyball, 9D)
|
Batting: RHB Toni Vilen
|
0-0: Ball 1-0: Foul Ball, location: 2F 1-1: Ball 2-1: Called Strike 2-2: Ground out 6-3 (Groundball, 6)
|
Batting: LHB Yu Miao
|
0-0: DOUBLE (Line Drive, 9LS)
|
Batting: LHB Gregory Clement
|
0-0: Ground out 5-3 (Groundball, 5)
|
Top of the 1st over - 0 runs, 1 hit, 0 errors, 1 left on base; Hudsonville 0 - Santa Fe 0 |
BOTTOM OF THE 1ST |
Santa Fe Revolvers batting - Pitching for Hudsonville Flanderses : RHP Jesús Silva
|
Pitching: RHP Jesús Silva
|
|
Batting: RHB Chris Gordon
|
0-0: Fly out, F3 (Popup, 3L)
|
Batting: RHB Harley Colman
|
0-0: Ball 1-0: Foul Ball, location: 2F 1-1: SINGLE (Groundball, 13S) (infield hit)
|
Batting: LHB Leilani Aberahama
|
0-0: Called Strike 0-1: Called Strike 0-2: Strikes out swinging
|
Batting: LHB Brendon Lewis
|
0-0: Ball 1-0: Called Strike 1-1: Ball 2-1: Ball Harley Colman is caught stealing 2nd base
|
Bottom of the 1st over - 0 runs, 1 hit, 0 errors, 0 left on base; Hudsonville 0 - Santa Fe 0 |
TOP OF THE 2ND |
Hudsonville Flanderses batting - Pitching for Santa Fe Revolvers : LHP Narihira Yokota
|
Batting: LHB Sandro Goro
|
0-0: Ball 1-0: Ball 2-0: Ball 3-0: Called Strike 3-1: Base on Balls
|
Batting: RHB Kamaaluddeen Kohli
|
0-0: Grounds into double play, 6-4-3 (Groundball, 6M)
|
Batting: RHB Miguel Pacheco
|
0-0: Foul Ball, location: 2F 0-1: Ball 1-1: Ball 2-1: Foul Ball, location: 2F 2-2: Foul Ball, location: 2F 2-2: Ball 3-2: Strikes out swinging
|
Top of the 2nd over - 0 runs, 0 hits, 0 errors, 0 left on base; Hudsonville 0 - Santa Fe 0 |
BOTTOM OF THE 2ND |
Santa Fe Revolvers batting - Pitching for Hudsonville Flanderses : RHP Jesús Silva
|
Batting: LHB Brendon Lewis
|
0-0: Swinging Strike 0-1: Ball 1-1: Ball 2-1: Fly out, F9 (Flyball, 9S)
|
Batting: RHB Eric Landry
|
0-0: Foul Ball, location: 2F 0-1: Ball 1-1: Ball 2-1: Swinging Strike 2-2: Foul Ball, location: 2F 2-2: Strikes out swinging
|
Batting: RHB George Cook
|
0-0: Foul Ball, location: 2F 0-1: Swinging Strike 0-2: Ball 1-2: Strikes out swinging
|
Bottom of the 2nd over - 0 runs, 0 hits, 0 errors, 0 left on base; Hudsonville 0 - Santa Fe 0 |
TOP OF THE 3RD |
Hudsonville Flanderses batting - Pitching for Santa Fe Revolvers : LHP Narihira Yokota
|
Batting: RHB Rex Mosley
|
0-0: Fly out, F7 (Flyball, 7)
|
Batting: LHB Aurelius Estrada
|
0-0: Ball 1-0: Ground out 6-3 (Groundball, 6)
|
Batting: SHB Kensaku Usui
|
0-0: Foul Ball, location: 2F 0-1: Ball 1-1: Ball 2-1: Foul Ball, location: 2F 2-2: Strikes out swinging
|
Top of the 3rd over - 0 runs, 0 hits, 0 errors, 0 left on base; Hudsonville 0 - Santa Fe 0 |
BOTTOM OF THE 3RD |
Santa Fe Revolvers batting - Pitching for Hudsonville Flanderses : RHP Jesús Silva
|
Batting: RHB Mark Merry
|
0-0: Ball 1-0: Foul Ball, location: 2F 1-1: Ball 2-1: Ball 3-1: SINGLE (Line Drive, 8RS)
|
Batting: RHB Brook Linen
|
0-0: Called Strike 0-1: TRIPLE (Line Drive, 8LXD) Mark Merry scores
|
Batting: RHB Sean Domburg
|
0-0: Called Strike 0-1: Ball 1-1: SINGLE (Flyball, 89M) Brook Linen scores
|
Batting: RHB Chris Gordon
|
0-0: Ball 1-0: Called Strike 1-1: Called Strike 1-2: Ball 2-2: Strikes out swinging
|
Batting: RHB Harley Colman
|
0-0: Ball 1-0: Ball 2-0: Ball 3-0: Called Strike 3-1: Base on Balls Sean Domburg to second
|
Batting: LHB Leilani Aberahama
|
0-0: Called Strike 0-1: Ball 1-1: Foul Ball, location: 2F 1-2: Strikes out swinging
|
Batting: LHB Brendon Lewis
|
0-0: Foul Ball, location: 2F 0-1: Ball 1-1: Foul Ball, location: 2F 1-2: Ball 2-2: SINGLE (Groundball, 4D) Sean Domburg to third Harley Colman to second Runner from 3rd tries for Home, SAFE, no throw
|
Batting: RHB Eric Landry
|
0-0: Called Strike 0-1: Foul Ball, location: 2F 0-2: Fly out, F8 (Flyball, 8LM)
|
Bottom of the 3rd over - 3 runs, 4 hits, 0 errors, 2 left on base; Hudsonville 0 - Santa Fe 3 |
TOP OF THE 4TH |
Hudsonville Flanderses batting - Pitching for Santa Fe Revolvers : LHP Narihira Yokota
|
Batting: RHB Toni Vilen
|
0-0: Ball 1-0: Ball 2-0: Ground out U3 (Groundball, 3S)
|
Batting: LHB Yu Miao
|
0-0: Swinging Strike 0-1: Swinging Strike 0-2: Foul Ball, location: 2F 0-2: Ball 1-2: Foul Ball, location: 2F 1-2: Strikes out swinging
|
Batting: LHB Gregory Clement
|
0-0: Called Strike 0-1: Ball 1-1: SINGLE (Line Drive, 56D)
|
Batting: LHB Sandro Goro
|
0-0: Swinging Strike 0-1: Swinging Strike 0-2: SINGLE (Groundball, 6MD) Gregory Clement to second Runner from 2nd tries for 3rd, SAFE, no throw
|
Batting: RHB Kamaaluddeen Kohli
|
0-0: Ball 1-0: Foul Ball, location: 2F 1-1: Foul Ball, location: 2F 1-2: Strikes out swinging
|
Top of the 4th over - 0 runs, 2 hits, 0 errors, 2 left on base; Hudsonville 0 - Santa Fe 3 |
BOTTOM OF THE 4TH |
Santa Fe Revolvers batting - Pitching for Hudsonville Flanderses : RHP Jesús Silva
|
Batting: RHB George Cook
|
0-0: Ball 1-0: Ground out 6-3 (Groundball, 56)
|
Batting: RHB Mark Merry
|
0-0: Foul Ball, location: 2F 0-1: Ball 1-1: Foul Ball, location: 2F 1-2: Strikes out swinging
|
Batting: RHB Brook Linen
|
0-0: Ball 1-0: Called Strike 1-1: SINGLE (Line Drive, 78S)
|
Batting: RHB Sean Domburg
|
0-0: Ball 1-0: Ball 2-0: Ball 3-0: Called Strike 3-1: Called Strike 3-2: Foul Ball, location: 2F 3-2: Fly out, F8 (Flyball, 8LXD)
|
Bottom of the 4th over - 0 runs, 1 hit, 0 errors, 1 left on base; Hudsonville 0 - Santa Fe 3 |
TOP OF THE 5TH |
Hudsonville Flanderses batting - Pitching for Santa Fe Revolvers : LHP Narihira Yokota
|
Batting: RHB Miguel Pacheco
|
0-0: Called Strike 0-1: Ball 1-1: Called Strike 1-2: Ball 2-2: Ball 3-2: Strikes out swinging
|
Batting: RHB Rex Mosley
|
0-0: Ball 1-0: Ball 2-0: Called Strike 2-1: Called Strike 2-2: Fly out, F5 (Popup, 5SF)
|
Batting: LHB Aurelius Estrada
|
0-0: Called Strike 0-1: Ball 1-1: Called Strike 1-2: Strikes out swinging
|
Top of the 5th over - 0 runs, 0 hits, 0 errors, 0 left on base; Hudsonville 0 - Santa Fe 3 |
BOTTOM OF THE 5TH |
Santa Fe Revolvers batting - Pitching for Hudsonville Flanderses : RHP Jesús Silva
|
Batting: RHB Chris Gordon
|
0-0: Foul Ball, location: 2F 0-1: Called Strike 0-2: Ball 1-2: Ball 2-2: Strikes out swinging
|
Batting: RHB Harley Colman
|
0-0: Called Strike 0-1: Ground out 6-3 (Groundball, 6)
|
Batting: LHB Leilani Aberahama
|
0-0: Called Strike 0-1: Swinging Strike 0-2: Ball 1-2: Ball 2-2: DOUBLE (Line Drive, 9LM)
|
Batting: LHB Brendon Lewis
|
0-0: Intentional Walk
|
Pitching: RHP Ding-bong Zhu
|
|
Batting: RHB Eric Landry
|
0-0: Foul Ball, location: 2F 0-1: Swinging Strike 0-2: Ball 1-2: Foul Ball, location: 2F 1-2: Ball 2-2: Strikes out looking
|
Bottom of the 5th over - 0 runs, 1 hit, 0 errors, 2 left on base; Hudsonville 0 - Santa Fe 3 |
TOP OF THE 6TH |
Hudsonville Flanderses batting - Pitching for Santa Fe Revolvers : LHP Narihira Yokota
|
Batting: SHB Kensaku Usui
|
0-0: Called Strike 0-1: Swinging Strike 0-2: Ball 1-2: Strikes out looking
|
Batting: RHB Toni Vilen
|
0-0: Called Strike 0-1: Ball 1-1: Ball 2-1: Foul Ball, location: 2F 2-2: Ball 3-2: Fly out, F8 (Flyball, 78D)
|
Batting: LHB Yu Miao
|
0-0: Called Strike 0-1: Ball 1-1: Fly out, F4 (Popup, 4)
|
Top of the 6th over - 0 runs, 0 hits, 0 errors, 0 left on base; Hudsonville 0 - Santa Fe 3 |
BOTTOM OF THE 6TH |
Santa Fe Revolvers batting - Pitching for Hudsonville Flanderses : RHP Ding-bong Zhu
|
Batting: RHB George Cook
|
0-0: Foul Ball, location: 2F 0-1: Ball 1-1: Ball 2-1: Ball 3-1: Called Strike 3-2: Foul Ball, location: 2F 3-2: Foul Ball, location: 2F 3-2: SINGLE (Groundball, 56D)
|
Batting: RHB Mark Merry
|
0-0: Called Strike 0-1: Ball 1-1: Swinging Strike 1-2: Ball 2-2: Ball 3-2: Foul Ball, location: 2F 3-2: Strikes out swinging George Cook steals 2nd base Batter strikes out.
|
Batting: RHB Brook Linen
|
0-0: Called Strike 0-1: Called Strike 0-2: Ball 1-2: Strikes out looking
|
Batting: RHB Sean Domburg
|
0-0: Ball 1-0: Ground out 5-3 (Groundball, 5)
|
Bottom of the 6th over - 0 runs, 1 hit, 0 errors, 1 left on base; Hudsonville 0 - Santa Fe 3 |
TOP OF THE 7TH |
Hudsonville Flanderses batting - Pitching for Santa Fe Revolvers : LHP Narihira Yokota
|
Batting: LHB Gregory Clement
|
0-0: Ball 1-0: Called Strike 1-1: Swinging Strike 1-2: Foul Ball, location: 2F 1-2: SINGLE (Groundball, 56D)
|
Pitching: RHP Joe Louter
|
|
Batting: LHB Sandro Goro
|
0-0: Called Strike 0-1: Ball 1-1: Ball 2-1: Ball 3-1: Base on Balls Gregory Clement to second
|
Batting: RHB Kamaaluddeen Kohli
|
0-0: Ball 1-0: Ball 2-0: Ball 3-0: Called Strike 3-1: Swinging Strike 3-2: Strikes out swinging
|
Batting: RHB Miguel Pacheco
|
0-0: Ball 1-0: Called Strike 1-1: DOUBLE (Line Drive, 7LM) Gregory Clement scores Sandro Goro to third
|
Pinch Hitting: LHB Roberts Hamhock
|
0-0: Hit by Pitch
|
Batting: LHB Aurelius Estrada
|
0-0: Fly out, F9 (Flyball, 9D) Runner from 3rd tags up, SCORES, no throw
|
Batting: SHB Kensaku Usui
|
0-0: Ball 1-0: Ball 2-0: Ball 3-0: Called Strike 3-1: Swinging Strike 3-2: Strikes out swinging
|
Top of the 7th over - 2 runs, 2 hits, 0 errors, 2 left on base; Hudsonville 2 - Santa Fe 3 |
BOTTOM OF THE 7TH |
Santa Fe Revolvers batting - Pitching for Hudsonville Flanderses : RHP Ding-bong Zhu
|
Now at 1B: Roberts Hamhock
|
|
Batting: RHB Chris Gordon
|
0-0: Foul Ball, location: 2F 0-1: Ball 1-1: Called Strike 1-2: Ball 2-2: Fly out, F8 (Flyball, 8RM)
|
Batting: RHB Harley Colman
|
0-0: Called Strike 0-1: Ball 1-1: Foul Ball, location: 2F 1-2: Ground out 5-3 (Groundball, 5L)
|
Batting: LHB Leilani Aberahama
|
0-0: Ball 1-0: Called Strike 1-1: Ball 2-1: Swinging Strike 2-2: Strikes out looking
|
Bottom of the 7th over - 0 runs, 0 hits, 0 errors, 0 left on base; Hudsonville 2 - Santa Fe 3 |
TOP OF THE 8TH |
Hudsonville Flanderses batting - Pitching for Santa Fe Revolvers : RHP Joe Louter
|
Batting: RHB Toni Vilen
|
0-0: Ball 1-0: Foul Ball, location: 2F 1-1: Foul Ball, location: 2F 1-2: Strikes out swinging
|
Batting: LHB Yu Miao
|
0-0: SINGLE (Line Drive, 9LM)
|
Pitching: RHP José Díaz
|
|
Batting: LHB Gregory Clement
|
0-0: Ball 1-0: Called Strike 1-1: Foul Ball, location: 2F 1-2: Strikes out swinging
|
Batting: LHB Sandro Goro
|
0-0: Ground out 1-3 (Groundball, P)
|
Top of the 8th over - 0 runs, 1 hit, 0 errors, 1 left on base; Hudsonville 2 - Santa Fe 3 |
BOTTOM OF THE 8TH |
Santa Fe Revolvers batting - Pitching for Hudsonville Flanderses : RHP Ding-bong Zhu
|
Batting: LHB Brendon Lewis
|
0-0: Fly out, F8 (Flyball, 8LM)
|
Batting: RHB Eric Landry
|
0-0: Ball 1-0: Fly out, F8 (Flyball, 78D)
|
Batting: RHB George Cook
|
0-0: Ball 1-0: Called Strike 1-1: Called Strike 1-2: Strikes out swinging
|
Bottom of the 8th over - 0 runs, 0 hits, 0 errors, 0 left on base; Hudsonville 2 - Santa Fe 3 |
TOP OF THE 9TH |
Hudsonville Flanderses batting - Pitching for Santa Fe Revolvers : RHP José Díaz
|
Pitching: RHP Tom King
|
|
Now in CF: Javier Silva
|
|
Batting: RHB Kamaaluddeen Kohli
|
0-0: Ball 1-0: Called Strike 1-1: Ball 2-1: Foul Ball, location: 2F 2-2: Ground out 6-3 (Groundball, 6)
|
Batting: RHB Miguel Pacheco
|
0-0: Ball 1-0: Ball 2-0: Foul Ball, location: 2F 2-1: SINGLE (Flyball, 7LS)
|
Batting: LHB Roberts Hamhock
|
0-0: Ball 1-0: Foul Ball, location: 2F 1-1: Ball 2-1: Swinging Strike 2-2: Foul Ball, location: 2F 2-2: Strikes out swinging
|
Batting: LHB Aurelius Estrada
|
0-0: Ball 1-0: Called Strike 1-1: Foul Ball, location: 2F 1-2: Strikes out swinging
|
Top of the 9th over - 0 runs, 1 hit, 0 errors, 1 left on base; Hudsonville 2 - Santa Fe 3 |
|